NCAA
MISSISSIPPI REBELS @ OREGON STATE BEAVERS
04/11/2025
 
TOP OF THE 1ST
Mississippi Rebels batting - Pitching for Oregon State Beavers : LHP Jorge Mora
Pitching: LHP Jorge Mora
Batting: RHB Willard Bader 0-0: Ball
1-0: Ball
2-0: Called Strike
Single, Error in OF, E7, batter to second base
Batting: RHB Simon Lee 0-0: Ball
1-0: Ball
2-0: Foul Ball, location: 2F
2-1: Foul Ball, location: 2F
2-2: Strikes out swinging
Batting: LHB Roger Warren 0-0: Ball
1-0: Ball
2-0: Called Strike
2-1: Fly out, F2 (Popup, 2LF)
Batting: LHB Jeff Forsyth 0-0: Foul Ball, location: 2F
0-1: Ball
1-1: Fly out, F5 (Popup, 25F)
Top of the 1st over - 0 run(s), 1 hit(s), 1 error(s), 1 left on base; Mississippi 0 - Oregon State 0
BOTTOM OF THE 1ST
Oregon State Beavers batting - Pitching for Mississippi Rebels : RHP Paul Lorenzo
Pitching: RHP Paul Lorenzo
Batting: LHB Jesús Ferreira 0-0: Foul Ball, location: 2F
0-1: Foul Ball, location: 2F
0-2: Ball
1-2: Ground out 4-3 (Groundball, 34)
Batting: RHB Paul Compton 0-0: Called Strike
0-1: Called Strike
0-2: Ground out 4-3 (Groundball, 4)
Batting: SHB Gerald Young 0-0: Called Strike
0-1: Ball
1-1: Ball
2-1: Swinging Strike
2-2: Strikes out swinging
Bottom of the 1st over - 0 run(s), 0 hit(s), 0 error(s), 0 left on base; Mississippi 0 - Oregon State 0
TOP OF THE 2ND
Mississippi Rebels batting - Pitching for Oregon State Beavers : LHP Jorge Mora
Batting: LHB Howard Evans 0-0: Called Strike
0-1: Fly out, F5 (Popup, 5L)
Batting: RHB Lou Hammond 0-0: Called Strike
0-1: Ball
1-1: Ground out 5-3 (Groundball, 5S)
Batting: RHB Brian Stewart 0-0: Hit by Pitch
Batting: RHB José Rey 0-0: Ground out 5-3 (Groundball, 5S)
Top of the 2nd over - 0 run(s), 0 hit(s), 0 error(s), 1 left on base; Mississippi 0 - Oregon State 0
BOTTOM OF THE 2ND
Oregon State Beavers batting - Pitching for Mississippi Rebels : RHP Paul Lorenzo
Batting: LHB Carlos Gutiérrez 0-0: Foul Ball, location: 2F
0-1: Ball
1-1: Ball
2-1: Ground out 6-3 (Groundball, 6M)
Batting: RHB Francisco Hernández 0-0: Swinging Strike
0-1: Ball
1-1: Foul Ball, location: 2F
1-2: Ball
2-2: Strikes out swinging
Batting: RHB Joaquín Luna 0-0: Ground out 4-3 (Groundball, 34)
Bottom of the 2nd over - 0 run(s), 0 hit(s), 0 error(s), 0 left on base; Mississippi 0 - Oregon State 0
TOP OF THE 3RD
Mississippi Rebels batting - Pitching for Oregon State Beavers : LHP Jorge Mora
Batting: RHB Bill Pike 0-0: Ball
1-0: Swinging Strike
1-1: Foul Ball, location: 2F
1-2: Ground out 1-3 (Groundball, 13S)
Batting: RHB Willard Bader 0-0: Swinging Strike
0-1: Called Strike
0-2: Foul Ball, location: 2F
0-2: Fly out, F8 (Flyball, 8RD)
Batting: RHB Simon Lee 0-0: Ball
1-0: Ground out 4-3 (Groundball, 4M)
Top of the 3rd over - 0 run(s), 0 hit(s), 0 error(s), 0 left on base; Mississippi 0 - Oregon State 0
BOTTOM OF THE 3RD
Oregon State Beavers batting - Pitching for Mississippi Rebels : RHP Paul Lorenzo
Batting: LHB Howard White 0-0: Ground out 4-3 (Groundball, 4M)
Batting: RHB Conner Riley 0-0: Ball
1-0: Ball
2-0: Foul Ball, location: 2F
2-1: Swinging Strike
2-2: Foul Ball, location: 2F
2-2: Foul Ball, location: 2F
2-2: Fly out, F9 (Flyball, 9S)
Batting: LHB Ramón Hernández 0-0: Ball
1-0: Swinging Strike
1-1: Ball
2-1: Foul Ball, location: 2F
2-2: Foul Ball, location: 2F
2-2: Strikes out swinging
Bottom of the 3rd over - 0 run(s), 0 hit(s), 0 error(s), 0 left on base; Mississippi 0 - Oregon State 0
TOP OF THE 4TH
Mississippi Rebels batting - Pitching for Oregon State Beavers : LHP Jorge Mora
Batting: LHB Roger Warren 0-0: Ball
1-0: SINGLE (Groundball, 4MD)
Batting: LHB Jeff Forsyth 0-0: Foul Ball, location: 2F
0-1: Ball
1-1: Swinging Strike
1-2: Grounds into double play, 5-4-3 (Groundball, 56)
Batting: LHB Howard Evans 0-0: Fly out, F7 (Popup, 78S)
Top of the 4th over - 0 run(s), 1 hit(s), 0 error(s), 0 left on base; Mississippi 0 - Oregon State 0
BOTTOM OF THE 4TH
Oregon State Beavers batting - Pitching for Mississippi Rebels : RHP Paul Lorenzo
Batting: LHB Jesús Ferreira 0-0: Ground out 4-3 (Groundball, 4)
Batting: RHB Paul Compton 0-0: Ball
1-0: Ground out 1-3 (Groundball, 23)
Batting: SHB Gerald Young 0-0: Ball
1-0: Called Strike
1-1: Ball
2-1: Called Strike
2-2: Strikes out swinging
Bottom of the 4th over - 0 run(s), 0 hit(s), 0 error(s), 0 left on base; Mississippi 0 - Oregon State 0
TOP OF THE 5TH
Mississippi Rebels batting - Pitching for Oregon State Beavers : LHP Jorge Mora
Batting: RHB Lou Hammond 0-0: Ground out 3-1 (Groundball, 34)
Batting: RHB Brian Stewart 0-0: Foul Ball, location: 2F
0-1: Ball
1-1: Ball
2-1: Swinging Strike
2-2: Ball
3-2: Foul Ball, location: 2F
3-2: Ground out 6-3 (Groundball, 6)
Batting: RHB José Rey 0-0: Ball
1-0: Swinging Strike
1-1: Foul Ball, location: 2F
1-2: Ball
2-2: Strikes out swinging
Top of the 5th over - 0 run(s), 0 hit(s), 0 error(s), 0 left on base; Mississippi 0 - Oregon State 0
BOTTOM OF THE 5TH
Oregon State Beavers batting - Pitching for Mississippi Rebels : RHP Paul Lorenzo
Batting: LHB Carlos Gutiérrez 0-0: Ball
1-0: Ball
2-0: Called Strike
2-1: Called Strike
2-2: Ball
3-2: Base on Balls
Batting: RHB Francisco Hernández 0-0: Ball
1-0: Called Strike
1-1: Grounds into double play, 5-4-3 (Groundball, 5)
Batting: RHB Joaquín Luna 0-0: Foul Ball, location: 2F
0-1: Called Strike
0-2: Strikes out swinging
Bottom of the 5th over - 0 run(s), 0 hit(s), 0 error(s), 0 left on base; Mississippi 0 - Oregon State 0
TOP OF THE 6TH
Mississippi Rebels batting - Pitching for Oregon State Beavers : LHP Jorge Mora
Batting: RHB Bill Pike 0-0: Called Strike
0-1: Ball
1-1: Foul Ball, location: 2F
1-2: Fly out, F8 (Flyball, 8LM)
Batting: RHB Willard Bader 0-0: Ball
1-0: Ball
2-0: Ground out 6-3 (Groundball, 6S)
Batting: RHB Simon Lee 0-0: SINGLE (Groundball, 4)
Batting: LHB Roger Warren 0-0: Ball
1-0: Called Strike
1-1: SINGLE (Line Drive, 3D)
Simon Lee to second
Batting: LHB Jeff Forsyth 0-0: Called Strike
0-1: Ground out 4-3 (Groundball, 4)
Top of the 6th over - 0 run(s), 2 hit(s), 0 error(s), 2 left on base; Mississippi 0 - Oregon State 0
BOTTOM OF THE 6TH
Oregon State Beavers batting - Pitching for Mississippi Rebels : RHP Paul Lorenzo
Batting: LHB Howard White 0-0: Ball
1-0: Called Strike
1-1: Ball
2-1: Foul Ball, location: 2F
2-2: Strikes out swinging, 2-3 out at first.
Batting: RHB Conner Riley 0-0: Ball
1-0: Called Strike
1-1: Ball
2-1: Ball
3-1: Called Strike
3-2: Ground out 6-3 (Groundball, 6)
Batting: LHB Ramón Hernández 0-0: Swinging Strike
0-1: Called Strike
0-2: Ball
1-2: Ground out 4-3 (Groundball, 4)
Bottom of the 6th over - 0 run(s), 0 hit(s), 0 error(s), 0 left on base; Mississippi 0 - Oregon State 0
TOP OF THE 7TH
Mississippi Rebels batting - Pitching for Oregon State Beavers : LHP Jorge Mora
Batting: LHB Howard Evans 0-0: SINGLE (Groundball, 34D)
Batting: RHB Lou Hammond 0-0: Sac Bunt - play at second, runner OUT! 1-6
Batting: RHB Brian Stewart 0-0: Ball
1-0: Ball
2-0: Ball
Balk!
Lou Hammond to second
3-0: Intentional Walk
Batting: RHB José Rey 0-0: Foul Ball, location: 2F
0-1: Ball
1-1: Ball
2-1: Ball
3-1: Base on Balls
Lou Hammond to third
Brian Stewart to second
Batting: RHB Bill Pike 0-0: Swinging Strike
0-1: Foul Ball, location: 2F
0-2: Foul Ball, location: 2F
0-2: Foul Ball, location: 2F
0-2: Ball
1-2: Strikes out looking
Pitching: RHP Todd Harris
Batting: RHB Willard Bader 0-0: Foul Ball, location: 2F
0-1: Ball
1-1: Foul Ball, location: 2F
1-2: Ball
2-2: Strikes out swinging
Top of the 7th over - 0 run(s), 1 hit(s), 0 error(s), 3 left on base; Mississippi 0 - Oregon State 0
BOTTOM OF THE 7TH
Oregon State Beavers batting - Pitching for Mississippi Rebels : RHP Paul Lorenzo
Batting: LHB Jesús Ferreira 0-0: Ball
1-0: Called Strike
1-1: Ball
2-1: Ground out U3 (Groundball, 3S)
Batting: RHB Paul Compton 0-0: Swinging Strike
0-1: Ball
1-1: Called Strike
1-2: Ball
2-2: Foul Ball, location: 2F
2-2: Strikes out looking
Batting: SHB Gerald Young 0-0: Swinging Strike
0-1: Swinging Strike
0-2: Fly out, F6 (Popup, 6)
Bottom of the 7th over - 0 run(s), 0 hit(s), 0 error(s), 0 left on base; Mississippi 0 - Oregon State 0
TOP OF THE 8TH
Mississippi Rebels batting - Pitching for Oregon State Beavers : RHP Todd Harris
Batting: RHB Simon Lee 0-0: Ball
1-0: Swinging Strike
1-1: Called Strike
1-2: Strikes out swinging
Batting: LHB Roger Warren 0-0: Ball
1-0: Called Strike
1-1: Foul Ball, location: 2F
1-2: Foul Ball, location: 2F
1-2: Ball
2-2: Strikes out swinging
Batting: LHB Jeff Forsyth 0-0: Called Strike
0-1: Ball
1-1: Ball
2-1: Ball
3-1: Foul Ball, location: 2F
3-2: Base on Balls
Batting: LHB Howard Evans 0-0: Ball
1-0: Swinging Strike
1-1: Swinging Strike
1-2: Strikes out swinging
Top of the 8th over - 0 run(s), 0 hit(s), 0 error(s), 1 left on base; Mississippi 0 - Oregon State 0
BOTTOM OF THE 8TH
Oregon State Beavers batting - Pitching for Mississippi Rebels : RHP Paul Lorenzo
Batting: LHB Carlos Gutiérrez 0-0: Ball
1-0: Swinging Strike
1-1: Fly out, F4 (Popup, 4)
Batting: RHB Francisco Hernández 0-0: Fly out, F4 (Popup, 34)
Batting: RHB Joaquín Luna 0-0: Foul Ball, location: 2F
0-1: Foul Ball, location: 2F
0-2: Ball
1-2: Foul Ball, location: 2F
1-2: Ball
2-2: Ball
3-2: Base on Balls
Batting: LHB Howard White 0-0: Ball
1-0: Called Strike
1-1: Swinging Strike
1-2: Ball
2-2: Ball
3-2: Ground out 6-3 (Groundball, 6M)
Bottom of the 8th over - 0 run(s), 0 hit(s), 0 error(s), 1 left on base; Mississippi 0 - Oregon State 0
TOP OF THE 9TH
Mississippi Rebels batting - Pitching for Oregon State Beavers : RHP Todd Harris
Pitching: RHP Manuel Reynoso
Batting: RHB Lou Hammond 0-0: Called Strike
0-1: Swinging Strike
0-2: Strikes out swinging
Batting: RHB Brian Stewart 0-0: SINGLE (Groundball, 34D)
Batting: RHB José Rey 0-0: Ball
1-0: Called Strike
1-1: Ball
2-1: SINGLE (Groundball, 4M)
Brian Stewart to second
Batting: RHB Bill Pike 0-0: Foul Ball, location: 2F
0-1: Ball
1-1: Fly out, F7 (Flyball, 78M)
Batting: RHB Willard Bader 0-0: Called Strike
0-1: Foul Ball, location: 2F
0-2: Ball
1-2: Strikes out swinging
Top of the 9th over - 0 run(s), 2 hit(s), 0 error(s), 2 left on base; Mississippi 0 - Oregon State 0
BOTTOM OF THE 9TH
Oregon State Beavers batting - Pitching for Mississippi Rebels : RHP Paul Lorenzo
Batting: RHB Conner Riley 0-0: Ball
1-0: Foul Ball, location: 2F
1-1: Foul Ball, location: 2F
1-2: Ground out 6-3 (Groundball, 56)
Pinch Hitting: SHB Chris McKenzie 0-0: Swinging Strike
0-1: Called Strike
0-2: Ball
1-2: Strikes out looking
Batting: LHB Jesús Ferreira 0-0: Ball
1-0: Foul Ball, location: 2F
1-1: Ball
2-1: Swinging Strike
2-2: SINGLE (Flyball, 78S)
Pitching: RHP John MacHendry
Batting: RHB Paul Compton 0-0: Ball
1-0: Foul Ball, location: 2F
1-1: Ball
2-1: Fly out, F3 (Popup, 3F)
Bottom of the 9th over - 0 run(s), 1 hit(s), 0 error(s), 1 left on base; Mississippi 0 - Oregon State 0
TOP OF THE 10TH
Mississippi Rebels batting - Pitching for Oregon State Beavers : RHP Manuel Reynoso
Now at C: David Pratt
Batting: RHB Simon Lee 0-0: Called Strike
0-1: Called Strike
0-2: Ball
1-2: Ground out U3 (Groundball, 3S)
Batting: LHB Roger Warren 0-0: SINGLE (Line Drive, 7LS)
Batting: LHB Jeff Forsyth 0-0: Ball
1-0: Fly out, F7 (Flyball, 7M)
Batting: LHB Howard Evans 0-0: Ball
1-0: Ball
2-0: Called Strike
2-1: Foul Ball, location: 2F
Single, Error in OF, E8, batter to second base
Roger Warren to third
Batting: RHB Lou Hammond 0-0: Called Strike
0-1: Ball
1-1: Foul Ball, location: 2F
1-2: Ball
2-2: Strikes out swinging
Top of the 10th over - 0 run(s), 2 hit(s), 1 error(s), 2 left on base; Mississippi 0 - Oregon State 0
BOTTOM OF THE 10TH
Oregon State Beavers batting - Pitching for Mississippi Rebels : RHP John MacHendry
Batting: SHB Gerald Young 0-0: Fly out, F8 (Line Drive, 8RM)
Batting: LHB Carlos Gutiérrez 0-0: Ball
1-0: Ball
2-0: Called Strike
2-1: Ball
3-1: Called Strike
3-2: Foul Ball, location: 2F
3-2: Foul Ball, location: 2F
3-2: Foul Ball, location: 2F
3-2: Base on Balls
Batting: RHB Francisco Hernández 0-0: Called Strike
0-1: Ball
1-1: Ball
2-1: Ball
3-1: Foul Ball, location: 2F
3-2: Foul Ball, location: 2F
3-2: Strikes out swinging
Batting: RHB Joaquín Luna 0-0: Fielders Choice at 2nd, U6 (Groundball, 6M)
Bottom of the 10th over - 0 run(s), 0 hit(s), 0 error(s), 1 left on base; Mississippi 0 - Oregon State 0
TOP OF THE 11TH
Mississippi Rebels batting - Pitching for Oregon State Beavers : RHP Manuel Reynoso
Pitching: RHP Rob Bolton
Batting: RHB Brian Stewart 0-0: SINGLE (Line Drive, 89S)
Batting: RHB José Rey 0-0: Sac Bunt - play at first, batter OUT! 1-4
Brian Stewart to second
Batting: RHB Bill Pike 0-0: Ball
1-0: Called Strike
1-1: Ball
2-1: Called Strike
2-2: Ball
3-2: Fly out, F5 (Popup, 56S)
Batting: RHB Willard Bader 0-0: Ball
1-0: 2-RUN HOME RUN (Flyball, 7D), Distance : 345 ft
Batting: RHB Simon Lee 0-0: Called Strike
0-1: Foul Ball, location: 2F
0-2: Ball
1-2: Foul Ball, location: 2F
1-2: Foul Ball, location: 2F
1-2: Ball
2-2: Strikes out swinging
Top of the 11th over - 2 run(s), 2 hit(s), 0 error(s), 0 left on base; Mississippi 2 - Oregon State 0
BOTTOM OF THE 11TH
Oregon State Beavers batting - Pitching for Mississippi Rebels : RHP John MacHendry
Pitching: LHP Orlando Vélez
Batting: LHB Howard White 0-0: Called Strike
0-1: Ball
1-1: DOUBLE (Flyball, 89XD)
Batting: RHB Conner Riley 0-0: Foul Ball, location: 2F
0-1: Ball
1-1: Ground out 5-3 (Groundball, 5S)
Howard White to third
Batting: RHB David Pratt 0-0: Called Strike
0-1: Ball
1-1: Fly out, F8 (Flyball, 8RM)
Runner from 3rd tags up, SCORES, throw made
Batting: LHB Jesús Ferreira 0-0: Called Strike
0-1: Ball
1-1: Foul Ball, location: 2F
1-2: Foul Ball, location: 2F
1-2: Strikes out looking
Bottom of the 11th over - 1 run(s), 1 hit(s), 0 error(s), 0 left on base; Mississippi 2 - Oregon State 1
This league is powered by Out of the Park Baseball, the baseball management simulation game for PC, Mac and Linux
Tuesday, August 2nd, 2016 - OOTP Baseball 16.8 Build 38